 Dungeon Crawl Stone Soup version 0.30-a0-570-g486de37d69 (webtiles) character file.

Game seed: 708441988960058443

158 Masnef the Shooter (level 5, 0/30 (31) HPs)
             Began as a Kobold Hunter on Dec 29, 2022.
             Slain by a gnoll
             ... wielding a +2 whip of draining
              (4 damage)
             ... on level 3 of the Dungeon.
             The game lasted 00:02:36 (1836 turns).

Masnef the Shooter (Kobold Hunter)                  Turns: 1836, Time: 00:02:36

HP:   0/30 (31)     AC:  6    Str:  9    XL:     5   Next: 67%
MP:   5/5           EV: 15    Int: 10    God:
Gold: 113           SH:  5    Dex: 20    Spells: 4/4 levels left

rFire   . . .      SeeInvis .    a - +0 shortbow
rCold   . . .      Faith    .    (shield currently unavailable)
rNeg    . . .      Spirit   .    c - +0 leather armour
rPois   .          Reflect  +    f - +2 hat
rElec   .          Harm     .    (no cloak)
rCorr   .          Rampage  .    h - +0 pair of gloves
Will    .....                    (no boots)
Stlth   +++                      j - amulet of reflection
HPRegen 0.25/turn                (no ring)
MPRegen 0.09/turn                (no ring)

@: lightly drained
A: small, no large weapons, nightstalker 3
a: no special abilities


You were on level 3 of the Dungeon.
You visited 1 branch of the dungeon, and saw 3 of its levels.

You collected 113 gold pieces.

Inventory:

Hand Weapons
 a - a +0 shortbow (weapon)
Missiles
 l - 6 poisoned darts
Armour
 c - a +0 leather armour (worn)
 f - a +2 hat (worn)
 h - a +0 pair of gloves (worn)
Jewellery
 j - an amulet of reflection (around neck)
Scrolls
 b - a scroll of immolation
 d - 14 scrolls of identify {unknown}
 e - 3 scrolls of vulnerability {unknown}
 g - a scroll of fog {unknown}
 m - a scroll of enchant armour {unknown}
 o - a scroll of torment {unknown}
 p - a scroll of teleportation {unknown}
 s - 3 scrolls of brand weapon {unknown}
Potions
 i - a potion of might {unknown}
 k - a potion of haste {unknown}
 n - a potion of invisibility {unknown}
 q - a potion of degeneration {unknown}
 r - 2 potions of curing {unknown}


   Skills:
 + Level 2.7 Fighting
 + Level 7.8 Ranged Weapons
 + Level 3.5 Dodging
 + Level 1.4 Stealth


You had 4 spell levels left.
You didn't know any spells.
Your spell library contained the following spells:

 Spells                   Type           Power      Damage    Failure   Level
 Ensorcelled Hibernation  Hex/Ice        0%         N/A       63%         2
 Passwall                 Tmut/Erth      0%         N/A       63%         2
 Dazzling Flash           Conj/Hex       0%         N/A       85%         3
 Swiftness                Air            0%         N/A       85%         3
 Iskenderun's Mystic Bla  Conj/Tloc      0%         2d3       99%         4
 Starburst                Conj/Fire      0%         6d3       100%        6


Dungeon Overview and Level Annotations

Branches:
Dungeon (3/15)

Altars:


Innate Abilities, Weirdness & Mutations

You are small and have problems with some larger weapons.
You are completely attuned to the shadows.


Message History

The gnoll closely misses you.
You shoot an arrow. The arrow hits the gnoll.
The gnoll is severely wounded.
A gnoll comes into view. It is wielding a +2 whip of draining.
The gnoll barely misses you. The gnoll closely misses you.
The gnoll misses you.
You shoot an arrow. The arrow barely misses the goblin.
The gnoll hits you from afar with a +0 halberd!
The gnoll closely misses you. You block the goblin's attack.
You shoot an arrow. The arrow hits the goblin!
You kill the goblin!
The gnoll misses you. You block the gnoll's attack.
You shoot an arrow. The arrow hits the gnoll!
You kill the gnoll!
You block the gnoll's attack.
You shoot an arrow. The arrow hits the gnoll!
The gnoll is almost dead.
The gnoll hits you from afar with a +0 halberd.
You shoot an arrow. The arrow hits the gnoll!
The gnoll is heavily wounded.
The gnoll hits you with a +0 whip. The gnoll closely misses you.
You are too injured to fight recklessly!
You are too injured to fight recklessly!
You are too injured to fight recklessly!
You are too injured to fight recklessly!
You are too injured to fight recklessly!
You are too injured to fight recklessly!
You are too injured to fight recklessly!
You are too injured to fight recklessly!
You are too injured to fight recklessly!
You shoot an arrow. The arrow barely misses the gnoll.
The gnoll hits you with a +2 whip of draining!
* * * LOW HITPOINT WARNING * * *
You feel drained.
* * * LOW HITPOINT WARNING * * *
The gnoll misses you. The gnoll closely misses you.
You shoot an arrow. The arrow hits the gnoll.
The gnoll is severely wounded.
The gnoll hits you with a +2 whip of draining.
You die...

#.# ##.##
#.!.##.
#####.)(g..
.......@g)#
(.......g...
...#..#####
#.#.## #..##
#..# #..#
#..# #..#


You could see 3 gnolls.

Vanquished Creatures
  Natasha (thrice) (D:2)
  2 adders (D:2)
  A gnoll (D:3)
  3 dart slugs
  2 ball pythons
  6 endoplasms
  5 goblins
  4 hobgoblins
  6 jackals
  2 kobolds (D:2)
  A quokka (D:2)
  6 bats
  3 frilled lizards
  5 rats
49 creatures vanquished.

Vanquished Creatures (others)
  6 plants (D:1)
6 creatures vanquished.

Grand Total: 55 creatures vanquished

Notes
Turn   | Place    | Note
-------+----------+-------------------------------------------
     0 | D:1      | Masnef the Kobold Hunter began the quest for the Orb.
     0 | D:1      | Reached XP level 1. HP: 12/12 MP: 1/1
   227 | D:1      | Reached XP level 2. HP: 17/17 MP: 2/2
   910 | D:2      | Noticed Natasha
   917 | D:2      | Reached XP level 3. HP: 21/21 MP: 3/3
   924 | D:2      | Killed Natasha
   925 | D:2      | Reached skill level 6 in Ranged Weapons
   970 | D:2      | Reached XP level 4. HP: 27/27 MP: 4/4
  1216 | D:2      | Noticed Natasha
  1224 | D:2      | Killed Natasha
  1225 | D:2      | Reached skill level 7 in Ranged Weapons
  1225 | D:2      | Reached XP level 5. HP: 21/31 MP: 5/5
  1502 | D:2      | Noticed Natasha
  1504 | D:2      | Killed Natasha
  1836 | D:3      | Slain by a gnoll

Illustrated notes

Levels and vault maps discovered:
D:1:      saegor_arrival_under_anarchy, layout_basic,
          minmay_misc_feat_more_columns, minmay_misc_feat_roman,
          serial_bayou_crossing
D:2:      minmay_wonky_spiral, layout_basic, uniq_natasha
D:3:      kennysheep_six_static_rooms, layout_rooms, serial_co_window_serial,
          co_window_paths_b, co_window_paths_b, co_window_corner_a,
          co_window_of_opportunity_a, co_window_corner_a, co_window_paths_b,
          co_window_paths_b, co_window_corner_cb, co_window_corner_b,
          co_window_broadway_a, glass_columns_c, glass_columns_a,
          glass_columns_c, glass_columns_a, glass_columns_b,
          grunt_ministairs_14, kennysheep_generic_room_9

Skill      XL: |  1  2  3  4 |
---------------+-------------+-----
Dodging        | 3 |  3.5
Ranged Weapons | 6 7 |  7.8
Fighting       | |  2.7
Stealth        | |  1.4

Action                   |  1- 3 |  4- 6 || total
-------------------------+-------+-------++-------
 Fire: Shortbow          |    58 |    78 ||   136
Armor: Leather armour    |    12 |     7 ||    19
Dodge: Dodged            |    29 |    31 ||    60
Block: Other             |       |    11 ||    11

Table legend: (Time is in decaauts)
 A = Elapsed time spent in this place.
 B = Non-inter-level travel time spent in this place.
 C = Inter-level travel time spent in this place.
 D = Time resting spent in this place.
 E = Time spent auto-exploring this place.
 F = Levels seen in this place.
 G = Mean time per level.
                   A        B        C        D        E       F      G
               +--------+--------+--------+--------+--------+-----+--------+
         Total |   1877 |   1757 |    120 |      0 |   1490 |   3 |  625.7 |
       Dungeon |   1877 |   1757 |    120 |      0 |   1490 |   3 |  625.7 |
               +--------+--------+--------+--------+--------+-----+--------+

Top non-repeatable levels by time:
     D:1: 929 daAuts
     D:2: 858 daAuts
     D:3: 88 daAuts
